Map: Odyssey LE

Players

Juxtapose - Winner!

  • Race: Zerg Zerg
  • Spawn Location: 11:00

lostmarine

  • Race: Protoss Protoss
  • League: Silver
  • Spawn Location: 5:00

VOD

https://youtu.be/I2V--Q8Cn7c

Description

Another very fun match in which my opponent, who also went Random and got Protoss, went for a very different strategy than my last opponent.

I'm just glad I set up those Spore Crawlers for Oracle defence!

Time

  • Played on: May 9, 2017, 8:47 p.m.
  • Length: 9:20
Show
View Real Time Build Order
Export as new Build Order

Juxtapose Zerg - Winner!

Build Orders: Pool First 

Get SALT Encoding   

  12  0:01  Drone  
  13  0:13  Overlord  
  13  0:21  Drone  
  14  0:37  Spawning Pool  
  14  0:38  Drone  
  14  0:46  Drone x2  
  16  0:54  Overlord  
  16  1:03  Drone  
  17  1:10  Extractor  
  16  1:11  Drone  
  17  1:23  Drone  
  17  1:24  Queen  
  20  1:35  Drone  
  21  1:44  Drone  
  22  1:56  Roach Warren  
  22  1:57  Drone  
  22  2:02  Extractor  
  22  2:08  Drone  
  22  2:24  Hatchery, Drone  
  23  2:37  Drone x3  
  23  2:38  Overlord  
  23  2:42  Zergling x2  
  26  3:01  Evolution Chamber  
  26  3:05  Zergling x8  
  29  3:07  Lair  
  29  3:16  Drone  
  30  3:24  Drone  
  31  3:29  Spore Crawler  
  31  3:32  Spore Crawler  
  31  3:33  Zergling x2  
  30  3:37  Queen  
  30  3:39  Drone  
  33  3:42  Drone  
  34  3:49  Metabolic Boost  
  34  4:03  Spore Crawler  
  34  4:06  Drone x2, Spore Crawler  
  34  4:12  Drone x2  
  36  4:34  Drone x7  
  43  5:01  Overlord  
  43  5:08  Overlord x4  
  43  5:19  Infestation Pit  
  43  5:20  Zerg Missile Weapons Level 1  
  42  5:25  Drone x2  
  44  5:32  Roach x3  
  44  5:33  Roach x2  
  54  5:41  Extractor  
  53  5:42  Extractor  
  53  5:43  Drone  
  53  5:53  Queen  
  53  5:56  Queen  
  57  6:02  Drone x2  
  57  6:03  Drone x3  
  57  6:04  Roach x3  
  68  6:09  Glial Reconstitution  
  68  6:30  Hatchery  
  67  6:41  Overseer x2  
  67  6:42  Overseer x2  
  67  6:45  Extractor  
  66  6:51  Spore Crawler  
  65  6:57  Roach x4  
  65  6:58  Roach  
  65  7:00  Overlord x2  
  65  7:01  Overlord x3  
  75  7:15  Zerg Ground Armor Level 1  
  75  7:24  Zergling x2, Roach x4  
  75  7:25  Zergling x4  
  86  7:43  Drone x5  
  90  8:10  Roach  
  90  8:11  Zergling x4, Roach x4  
  86  8:28  Zergling x2  
  86  8:29  Zergling x14  
  86  8:30  Zergling x2  
  93  8:37  Drone  
  93  8:38  Drone  
  93  8:53  Zergling x6  
  93  8:54  Zergling x2  
Show
View Real Time Build Order
Export as new Build Order

lostmarine Protoss 

Build Orders:  

Get SALT Encoding   

  12  0:16  Probe (Chrono Boost)  
  12  0:17  Pylon  
  13  0:27  Probe (Chrono Boost)  
  14  0:38  Probe (Chrono Boost)  
  14  0:39  Gateway  
  15  0:43  Assimilator  
  15  0:48  Probe (Chrono Boost)  
  16  0:58  Assimilator  
  16  0:59  Probe (Chrono Boost)  
  17  1:10  Probe (Chrono Boost)  
  18  1:20  Probe (Chrono Boost)  
  18  1:25  Forge  
  19  1:29  Cybernetics Core  
  19  1:36  Pylon  
  19  1:38  Probe (Chrono Boost)  
  20  1:41  Zealot  
  23  1:54  Probe (Chrono Boost)  
  23  2:04  Probe (Chrono Boost)  
  24  2:09  Pylon  
  24  2:15  Probe (Chrono Boost)  
  25  2:20  Pylon  
  25  2:23  Pylon  
  25  2:25  Warp Gate  
  24  2:34  Gateway  
  24  2:37  Gateway  
  25  2:45  Probe (Chrono Boost)  
  25  2:58  Probe (Chrono Boost)  
  26  3:10  Probe (Chrono Boost)  
  26  3:12  Gateway  
  27  3:16  Photon Cannon  
  27  3:26  Twilight Council  
  27  3:32  Probe (Chrono Boost)  
  28  3:44  Probe (Chrono Boost)  
  30  3:56  Probe (Chrono Boost)  
  30  4:07  Nexus  
  30  4:09  Probe (Chrono Boost)  
  31  4:12  Pylon  
  31  4:15  Pylon  
  31  4:21  Probe (Chrono Boost)  
  32  4:25  Gateway  
  33  4:32  Dark Shrine, Probe (Chrono Boost)  
  33  4:43  Probe (Chrono Boost)  
  34  4:50  Stalker  
  34  4:51  Stalker  
  38  4:53  Probe (Chrono Boost)  
  39  5:04  Probe (Chrono Boost)  
  40  5:23  Probe (Chrono Boost)  
  40  5:26  Forge  
  40  5:28  Forge  
  41  5:34  Probe (Chrono Boost)  
  42  5:36  Photon Cannon  
  42  5:41  Photon Cannon  
  42  5:44  Probe (Chrono Boost)  
  42  5:47  Dark Templar x2  
  42  5:48  Dark Templar  
  49  5:55  Probe (Chrono Boost)  
  50  6:02  Assimilator  
  50  6:04  Assimilator  
  50  6:06  Protoss Ground Armor Level 1, Protoss Ground Weapons Level 1, Probe (Chrono Boost)  
  50  6:07  Protoss Shields Level 1  
  45  6:45  Probe (Chrono Boost)  
  46  6:49  Robotics Facility  
  46  6:50  Robotics Facility  
  46  6:53  Gateway  
  46  6:55  Probe (Chrono Boost), Gateway  
  46  6:56  Gateway  
  46  6:59  Gateway  
  47  7:06  Pylon, Probe (Chrono Boost)  
  48  7:09  Pylon  
  48  7:12  Pylon  
  48  7:14  Stargate  
  48  7:15  Templar Archives  
  48  7:18  Stalker x2  
  48  7:19  Stalker  
  48  7:22  Stalker  
  56  7:38  Observer x2  
  58  8:05  Zealot  
  58  8:06  Zealot x4  
  58  8:07  Zealot x4  
  44  8:33  Dark Templar x4  
  48  8:36  Zealot  
  48  8:37  Zealot x4  
  40  9:04  Probe (Chrono Boost)  
  40  9:06  Stalker x2  
  40  9:07  Stalker  
Tags
 
League
Silver
Matchup
PvZ
Opening
Pool First
Spawn Locations
Cross Positions
Add a new tag
Caveats
  • Supply blocks, unpowered buildings, or Contaminate may cause inaccurate times.
  • Supply counts are checked every 10 seconds.